 Dungeon Crawl Stone Soup version 0.31.0-9-g3a7656b989 (console) character file.

Game seed: 9858346018589792267

336 AlterAsc the Chopper (level 6, 0/47 HPs)
             Began as a Formicid Fighter on Jan 28, 2024.
             Slain by Grinder (6 damage)
             ... on level 3 of the Dungeon.
             The game lasted 00:04:28 (1508 turns).

AlterAsc the Chopper (Formicid Fighter)             Turns: 1508, Time: 00:04:29

Health: 0/47       AC: 13    Str: 23    XL:     6   Next: 84%
Magic:  6/6        EV:  6    Int:  7    God:
Gold:   127        SH:  5    Dex: 13    Spells: 5/5 levels left

rFire   . . .        s - +2 scythe (vamp)
rCold   . . .        c - +0 buckler
rNeg    . . .        t - +0 plate armour
rPois   .            (helmet unavailable)
rElec   .            l - +0 cloak
rCorr   .            (no gloves)
SInv    +            m - +0 pair of boots
Will    .....        (no amulet) Stlth
                     (no ring)
HPRegen 0.27/turn    (no ring)
MPRegen 0.10/turn

%: no passive effects
@: mighty
A: permanent stasis, dig shafts and tunnels, antennae 3, four strong arms
a: Dig, Shaft Self


You were on level 3 of the Dungeon.
You visited 1 branch of the dungeon, and saw 3 of its levels.

You collected 127 gold pieces.

Inventory:

Hand Weapons
 a - a +0 war axe
 s - a +2 vampiric scythe (weapon)
Missiles
 e - 5 poisoned darts
 f - 5 javelins
 o - 5 atropa-tipped darts
Armour
 b - a +0 scale mail
 c - a +0 buckler (worn)
 l - a +0 cloak (worn)
 m - a +0 pair of boots (worn)
 n - a +0 chain mail
 t - a +0 plate armour (worn)
Scrolls
 g - a scroll of revelation {unknown}
 i - a scroll of noise {unknown}
 j - a scroll of identify {unknown}
 k - a scroll of fog {unknown}
 u - a scroll of teleportation {unknown}
Potions
 h - a potion of curing {unknown}
 p - a potion of invisibility {unknown}
 q - a potion of cancellation {unknown}
 r - a potion of ambrosia {unknown}


   Skills:
 - Level 3.2 Fighting
 + Level 6.7 Axes
 - Level 3.2 Armour
 - Level 4.0 Shields


You had 5 spell levels left.
You didn't know any spells.
Your spell library was empty.

Dungeon Overview and Level Annotations

Branches:
Dungeon (3/15)

Altars:
Gozag
Hepliaklqana

Annotations:
D:3 Grinder


Innate Abilities, Weirdness & Mutations

You cannot be hasted, slowed, berserked, paralysed or teleported.
You can dig through walls and to a lower floor.
You have a pair of large antennae on your head. (SInv)
Your four strong arms can wield two-handed weapons with a shield.


Message History

Grinder is lightly wounded.
Grinder hits you.
You writhe in agony.
Natasha claws you but does no damage. Grinder gestures at you.
Your stasis prevents you from being paralysed.
You hit Grinder.
Grinder is lightly wounded.
Natasha claws you.
Grinder blinks!
You barely miss Natasha. Natasha claws you!
Natasha claws you but does no damage.
You hit Natasha.
You feel better.
Natasha is lightly wounded.
You hear the rusting of a distant drain.
Natasha claws you.
You barely miss Natasha.
Natasha is lightly wounded.
You block Natasha's attack.
Grinder blinks!
You closely miss Natasha.
Natasha is lightly wounded.
Natasha closely misses you. Grinder gestures at you.
Pain shoots through your body!
* * * LOW HITPOINT WARNING * * *
Natasha casts a spell.
Unknown command.
You feel very mighty all of a sudden. Natasha claws you.
* * * LOW HITPOINT WARNING * * *
The cerulean imp barely misses you.
You slash Natasha!
You feel better.
You kill Natasha!
Natasha screams in pain as she dies!
The cerulean imp disappears in a puff of smoke!
A hobgoblin comes into view.
The hobgoblin shouts!
You impale Grinder!!
Grinder is severely wounded.
Grinder hits you!
* * * LOW HITPOINT WARNING * * *
You writhe in agony.
You die...
Grinder says, "Now the real fun starts!"

.# #.# #.# { { .#
#.#######.
#######.#######.......g.
....##..#...............
....#..##....)..........
........................
.>........).....@)......
.........###...ยง5......#
.........# #...........#
.........# #.........%.#
.....................#..
......######.........# .
......# #...........
...$.... ######.##..#
....#.(..# ....#.#.....
......#.....


You could see Grinder and a hobgoblin.

Vanquished Creatures
  Sigmund (D:3)
  An orc priest (D:3)
  Terence (D:2)
  Natasha (D:3)
  2 adders (D:3)
  3 ribbon worms
  A dart slug (D:3)
  9 orcs (D:3)
  5 endoplasms
  3 giant cockroaches (D:1)
  8 goblins
  2 hobgoblins
  2 jackals (D:1)
  A quokka (D:1)
  2 ball pythons
  4 bats
  2 frilled lizards
  2 kobolds
  5 rats
55 creatures vanquished.

Notes
Turn   | Place    | Note
-------+----------+-------------------------------------------
     0 | D:1      | AlterAsc the Formicid Fighter began the quest for the Orb.
     0 | D:1      | Reached XP level 1. HP: 18/18 MP: 1/1
    77 | D:1      | Reached XP level 2. HP: 21/24 MP: 2/2
   169 | D:1      | Reached skill level 3 in Axes
   174 | D:1      | Found a faded altar of an unknown god.
   465 | D:2      | Reached XP level 3. HP: 29/29 MP: 3/3
   928 | D:2      | Found a hazy altar of Hepliaklqana.
  1150 | D:2      | Noticed Terence
  1155 | D:2      | Killed Terence
  1156 | D:2      | Reached skill level 4 in Axes
  1156 | D:2      | Reached XP level 4. HP: 30/35 MP: 4/4
  1316 | D:3      | Noticed Sigmund
  1331 | D:3      | Killed Sigmund
  1332 | D:3      | Reached skill level 6 in Axes
  1332 | D:3      | Reached XP level 5. HP: 38/41 MP: 5/5
  1332 | D:3      | Reached XP level 6. HP: 43/47 MP: 6/6
  1386 | D:3      | Found an opulent altar of Gozag.
  1495 | D:3      | Noticed Natasha
  1495 | D:3      | Noticed Grinder
  1507 | D:3      | Killed Natasha
  1508 | D:3      | Slain by Grinder

Illustrated notes

Levels and vault maps discovered:
D:1:      saegor_arrival_simple_c, layout_rooms, ebering_ecumenical_altar_mist,
          chequers_serial_rivers_marsh
D:2:      layout_loops_corners, basic_altar, uniq_terence
D:3:      layout_rooms, nicolae_gozag_seed_capital, gammafunk_ghost_necromancy,
          cheibrodos_sewer_entry_drain, feat_on_display, uniq_grinder,
          uniq_natasha, uniq_sigmund

Skill      XL: |  1  2  3  4 |
---------------+-------------+-----
Axes           | 3 4 6 |  6.7
Fighting       | |  3.2
Armour         | |  3.2
Shields        | |  4.0

Action                     |  1- 3 |  4- 6 || total
---------------------------+-------+-------++-------
  Melee: War axe           |    71 |    18 ||    89
         Halberd           |       |    45 ||    45
    Use: Potion            |       |     2 ||     2
 Armour: Scale mail        |    54 |       ||    54
         Chain mail        |     6 |    19 ||    25
         Plate armour      |       |    19 ||    19
  Dodge: Dodged            |    37 |    17 ||    54
  Block: Buckler           |    18 |    10 ||    28
